 Dungeon Crawl Stone Soup version 0.19-a0-1008-g4c63d25 (webtiles) character file.

39 Implojin the Ruffian (level 3, 0/31 HPs)
             Began as a Minotaur Fighter on July 22, 2016.
             Succumbed to a worker ant's poison
             ... on level 5 of the Dungeon.
             The game lasted 00:00:53 (113 turns).

Implojin the Ruffian (Minotaur Fighter)              Turns: 113, Time: 00:00:54

Health: 0/31       AC: 11    Str: 20    XL:     3   Next: 28%
Magic:  2/2        EV:  3    Int:  5    God:
Gold:   0          SH:  9    Dex: 10    Spells: 0 memorised, 2 levels left

rFire  . . .     SeeInvis .       - Unarmed
rCold  . . .     Gourm    .     g - +0 plate armour
rNeg   . . .     Faith    .     b - +0 shield
rPois  .         Spirit   .     (helmet restricted)
rElec  .         Dismiss  .     (no cloak)
rCorr  .         Reflect  .     (no gloves)
SustAt .         Harm     .     (no boots)
MR     .....                    (no amulet)
Stlth  ..........               (no ring)
                                (no ring)

@: lethally poisoned (0 -> -3), not resistant to hostile enchantments, extremely
unstealthy
A: retaliatory headbutt, horns 2, mutation resistance 1
a: no special abilities


You were on level 5 of the Dungeon.
You were not hungry.

You visited 1 branch of the dungeon, and saw 5 of its levels.

Inventory:

Armour
 a - a +0 scale mail
 b - a +0 shield (worn)
 g - a +0 plate armour (worn)
Scrolls
 e - a scroll of enchant armour {unknown}
 f - a scroll of identify {unknown}
Potions
 c - a potion of might
Comestibles
 d - a bread ration


   Skills:
 - Level 3.6 Fighting
 - Level 3.6 Armour
 - Level 3.6 Shields
 * Level 4.1 Unarmed Combat


You had 2 spell levels left.
You didn't know any spells.

Dungeon Overview and Level Annotations

Branches:
Dungeon (5/15)
 Temple: D:4-7

Altars:


Innate Abilities, Weirdness & Mutations

You reflexively headbutt those who attack you in melee.
You have a pair of horns on your head.
You are somewhat resistant to further mutation.


Message History

Your Unarmed Combat skill increases to level 4!
You have reached level 3!
Your experience leads to an increase in your attributes!
Increase (S)trength, (I)ntelligence, or (D)exterity?
You feel agile.
* * * LOW HITPOINT WARNING * * *
You feel sick.
Unknown command.
It was a potion of beneficial mutation.
You feel genetically stable.
You feel fantastic!
* * * LOW HITPOINT WARNING * * *
You feel sick.
Unknown command.
You see here a giant cockroach corpse.
* * * LOW HITPOINT WARNING * * *
You feel sick.
* * * LOW HITPOINT WARNING * * *
You feel sick.
Found an escape hatch in the ceiling.
You see here a scroll labeled IQUSYH GATI.
f - a scroll labeled IQUSYH GATI
* * * LOW HITPOINT WARNING * * *
You feel sick.
There are no items here.
* * * LOW HITPOINT WARNING * * *
You feel sick.
A centaur skeleton comes into view.
* * * LOW HITPOINT WARNING * * *
You feel sick.
There is a stone staircase leading down here.
Unknown command.
You climb downwards.
A giant frog skeleton comes into view.
Found a scroll labeled IQUSYH GATI.
There is a stone staircase leading up here.
Unknown command.
Unknown command.
You punch the giant frog skeleton!
You die...

?# . ##. #..
#.# #.# #.# #@#
........Z.....#
#.###.#########
#. #


You could see a giant frog skeleton.

Vanquished Creatures
  A worker ant (D:4)
  An adder (D:3)
  A worm (D:2)
  A bat (D:2)
  A giant cockroach (D:4)
  A giant newt (D:2)
  A rat (D:3)
7 creatures vanquished.

Notes
Turn   | Place    | Note
-------+----------+-------------------------------------------
     0 | D:1      | Implojin the Minotaur Fighter began the quest for the Orb.
     0 | D:1      | Reached XP level 1. HP: 19/19 MP: 0/0
    57 | D:3      | Reached skill level 3 in Unarmed Combat
    57 | D:3      | Reached XP level 2. HP: 15/26 MP: 1/1
   100 | D:4      | Reached skill level 4 in Unarmed Combat
   100 | D:4      | Reached XP level 3. HP: 7/31 MP: 2/2
   101 | D:4      | Gained mutation: You are somewhat resistant to further mutation. [potion of beneficial mutation]
   110 | D:4      | HP: 1/31 [poisoned by a worker ant]
   112 | D:5      | Entered Level 5 of the Dungeon
   113 | D:5      | Succumbed to a worker ant's poison

Vault maps used:
D:1:      onia_arrival_handbag, minmay_shallow_snake_nest
D:2:      minmay_pentomino_o2, uniq_jessica
D:4:      led_sif_pool, uniq_robin
D:5:      basic_altar, first_bread, uniq_eustachio, uniq_menkaure

Skill      XL: |  1  2 |
---------------+-------+-----
Unarmed Combat | 3 4 |  4.1
Fighting       | |  3.6
Armour         | |  3.6
Shields        | |  3.6

Action                   || total
-------------------------++-------
Melee: Unarmed           ||    27
       Headbutt          ||     3
  Use: Potion            ||     1
Armor: Scale mail        ||     1
       Plate armour      ||     4
Dodge: Dodged            ||     6
Block: Shield            ||    16

Table legend:
 A = Turns spent in this place as a percentage of turns spent in the entire game.
 B = Non-inter-level travel turns spent in this place as a percentage of non-inter-level travel turns spent in the entire game.
 C = Inter-level travel turns spent in this place as a percentage of turns spent in this place.
 D = Turns resting spent in this place as a percentage of non-inter-level travel turns spent in this place.
 E = Turns spent auto-exploring this place as a percentage of non-inter-level travel turns spent in this place.
 F = Non-inter-level travel turns spent in this place divided by the number of levels of this place that you've seen.
                   A       B       C       D       E      F
               +-------+-------+-------+-------+-------+----------------------
         Total | 100.0 | 100.0 |   0.0 |   0.0 |   0.0 |  23.2
       Dungeon | 100.0 | 100.0 |   0.0 |   0.0 |   0.0 |  23.2
               +-------+-------+-------+-------+-------+----------------------

Table legend:
 A = Kills in this place as a percentage of kills in entire the game.
 B = Kills by you in this place as a percentage of kills by you in the entire game.
 C = Kills by friends in this place as a percentage of kills by friends in the entire game.
 D = Other kills in this place as a percentage of other kills in the entire game.
 E = Experience gained in this place as a percentage of experience gained in the entire game.
 F = Experience gained in this place divided by the number of levels of this place that you have seen.
                   A       B       C       D       E      F
               +-------+-------+-------+-------+-------+----------------------
         Total | 100.0 | 100.0 |  -nan |  -nan | 100.0 |  11.4
       Dungeon | 100.0 | 100.0 |  -nan |  -nan | 100.0 |  11.4
               +-------+-------+-------+-------+-------+----------------------
